Unix xNetHack Version 8.0.0 - last build Mar 23 2024 02:42:02 (1964348d4f5f1cf1067ea9968e02252fcc83c468). Game began 2024-04-27 20:19:06, ended 2024-04-27 20:37:37. Okoto, chaotic female elven Wizard --- .--- ... --- -... --.-- --...- |...-- ---....| |.<..| ......---- |.---- ........| |.-- .......*| --- |).| ........--..| --.| --- .......`.... |.------.-- .......... |.........| ..........` ------..f@..- .......--- --.G-------.........-- | - - |...)...)%................# ### ### ####..| ----------%--- | --------- --- --- Okoto the Conjurer St:25 Dx:12 Co:11 In:20 Wi:13 Ch:11 Chaotic S:582 Dlvl:6 $:38 HP:0(23) Pw:38(38) AC:6 Xp:3/71 T:1656 Latest messages: The housecat misses it. The housecat bites it. The housecat picks up a crossbow bolt. You swap places with your housecat. The housecat drops a crossbow bolt. In what direction? 6 The magic missile hits the dwarf! In what direction? 6 The magic missile hits the dwarf! The magic missile hits the dwarf! You don't have enough energy to cast that spell. You swap places with your housecat. You see here a crossbow bolt. The housecat bites the dwarf. The dwarf is killed! The gnome picks up a hooded cloak. The housecat bites the gnome. The housecat misses the gnome. The gnome wields a crossbow! The housecat bites the gnome. The gnome is killed! The housecat picks up a pair of hard shoes. The dwarf picks up a hooded cloak. The gnome shoots 2 crossbow bolts! The 1st crossbow bolt hits the dwarf. The 2nd crossbow bolt misses the dwarf. The 2nd crossbow bolt hits the housecat. The housecat misses the dwarf. The housecat misses the dwarf. The housecat bites the dwarf. The dwarf is killed! The gnome shoots 2 crossbow bolts! The 1st crossbow bolt hits the housecat! The 2nd crossbow bolt misses the housecat. You are hit by the 2nd crossbow bolt! You recoil from the touch of iron! You see here a crossbow bolt. The gnome picks up a hooded cloak. The gnome puts on a hooded cloak. You miss the gnome. The housecat misses the gnome. The gnome thrusts her broad short sword. The gnome impales you! You recoil from the touch of iron! You die... Do you want your possessions identified? [ynq] (y) n Do you want to see your attributes? [ynq] (y) n Do you want an account of creatures vanquished? [ynaq] (y) n Do you want to see your conduct and achievements? [ynq] (y) n Do you want to see the dungeon overview? [ynq] (y) n Inventory: Inventory: 496/950 weight (24/52 slots) Coins $ - 38 gold pieces {1} Weapons x - 10 +0 darts {10} a - a blessed +1 quarterstaff (weapon in hands) {40} Armor h - a cursed +0 orcish helm (being worn) {23} s - an uncursed +1 pair of gauntlets of power (being worn) {23} b - an uncursed +0 cloak of magic resistance (being worn) {8} Comestibles D - an uncursed food ration {20} Scrolls A - an uncursed scroll of food detection {5} B - a blessed scroll of light {5} Spellbooks v - an uncursed spellbook of blank paper {30} w - an uncursed spellbook of create monster {40} e - an uncursed spellbook of detect monsters {45} c - a blessed spellbook of force bolt {35} f - an uncursed spellbook of healing {35} d - a blessed spellbook of magic missile {40} Potions l - an uncursed potion of fruit juice {20} p - a blessed potion of healing {20} q - an uncursed potion of healing {20} y - an uncursed potion of monster detection {20} Tools g - an uncursed bell {30} n - an uncursed plastic blindfold {4} C - an uncursed credit card {1} o - an uncursed oil lamp {20} Gems/Stones z - an uncursed worthless piece of black glass {1} k - an uncursed worthless piece of red glass {1} Okoto the Wizard's attributes: Background: You were a Conjurer, a level 3 female elven Wizard. You were chaotic, on a mission for Anhur who was opposed by Ptah (lawful) and Thoth (neutral). You were heterosexual. You were in the Gnomish Mines, on level 6. You entered the dungeon 1656 turns ago. You had 71 experience points, 9 more were needed to attain level 4. Your score was 582 before end-of-game adjustments. Basics: You had 0 out of 23 hit points. You had all 38 energy points (spell power). Your armor class was 6. Your wallet contained 38 zorkmids. Autopickup was off. Final Characteristics: Your strength was 25 (base:9, innate limit:18). Your dexterity was 12 (limit:18). Your constitution was 11 (limit:16). Your intelligence was 20 (limit:20). Your wisdom was 13 (limit:20). Your charisma was 11 (limit:18). Final Status: You were not hungry. You were unencumbered. You were wielding a quarterstaff. You had basic skill with quarterstaff. Final Attributes: You were devoutly aligned. You were magic-protected. You were telepathic. You had infravision. You were warded. You were harmed by iron. You are dead. Miscellaneous: You never encountered a bones level. Total elapsed playing time was 18 minutes and 30 seconds. Major events: Turn 1: Okoto the chaotic female elven Wizard entered the dungeon 1247: attained the rank of Conjurer (level 3) 1320: found Demonbane on the floor 1440: entered the Gnomish Mines 1656: killed by a gnome Vanquished creatures: a gnome leader a floating eye 2 dwarves a coyote a large kobold a giant rat a yellow mold 9 gnomes a gecko 4 jackals 4 goblins 4 grid bugs 7 lichens a kobold zombie 6 newts 44 creatures vanquished. No species were genocided or became extinct. Voluntary challenges: You read items or engraved 3 times. You never genocided any monsters. You never polymorphed an object. You never changed form. You never touched an artifact. You used no wishes. You never scared an enemy with impunity. You were celibate. You never generated conflict. Achievements: You entered a shop. You attained the rank of Conjurer. You entered the Gnomish Mines. Dungeon overview: The Dungeons of Doom: levels 1 to 5 Level 1: Level 2: A potion shop. Level 3: A tree. Level 4: Stairs down to The Gnomish Mines. Level 5: The Gnomish Mines: levels 5 to 6 Level 5: Level 6: <- You were here. Final resting place for you, killed by a gnome. Game over: __________ / \ / REST \ / IN \ / PEACE \ / \ | Okoto | | 38 Au | | killed by a | | gnome | | | | | | 2024 | *| * * * | * _________)/\\_//(\/(/\)/\//\/|_)_______ Goodbye Okoto the Wizard... You died in The Gnomish Mines on dungeon level 6 with 579 points, and 38 pieces of gold, after 1656 moves. You were level 3 with a maximum of 23 hit points when you died.